 Dungeon Crawl Stone Soup version 0.29.1-13-g9f3cf754e1 (webtiles) character file.

Game seed: 5365162787086788806

4196 javelincjr the Thaumaturge (level 10, -15/65 HPs)
             Began as a Djinni Ice Elementalist on Jan 23, 2023.
             Was an Initiate of Qazlal.
             Shot with an arrow by a centaur warrior (16 damage)
             ... on level 8 of the Dungeon on Jan 24, 2023.
             The game lasted 00:56:21 (10269 turns).

javelincjr the Thaumaturge (DjIE)                  Turns: 10269, Time: 00:56:22

Health: -15/65     AC: 11    Str:  8 (9)  XL:     10   Next: 54%
Gold:   557        EV: 25    Int: 24 (25) God:    Qazlal [......] SH:  0 Dex: 17 (19)

rFire   . . .      SeeInvis .   (weapon currently unavailable)
rCold   . . .      Faith    .   (shield currently unavailable)
rNeg    . . .      Spirit   .   (body armour currently unavailable)
rPois   ∞          Reflect  .   (helmet currently unavailable)
rElec   .          Harm     .   (cloak currently unavailable)
rCorr   .          Rampage  .   (gloves currently unavailable)
Will    +....                   (boots unavailable)
Stlth   +++.......              (no amulet)
HPRegen 0.20/turn               o - +6 ring of intelligence
MPRegen 0.00/turn               u - +4 ring of evasion

@: ice-armoured, spider-form, flying
A: venomous fangs, flying, sickness immunity, tiny, (fire resistance 2), (cold
vulnerability 1), float, innate caster, HP casting, extra vitality 1
a: End Transformation, Renounce Religion


You were on level 8 of the Dungeon.
You worshipped Qazlal.
Qazlal was noncommittal.
You were a venomous arachnid creature.
You visited 2 branches of the dungeon, and saw 9 of its levels.

You collected 557 gold pieces.

Inventory:

Hand Weapons
 a - a +5 quarterstaff of chaos
 g - the +7 quarterstaff of a bazaar (melded) {elec, rN+ Stlth+}
   (You found it on level 8 of the Dungeon)

   It occasionally discharges a powerful burst of electricity upon striking a
   foe.
   rN:        It protects you from negative energy.
   Stlth:     It makes you more stealthy.
 q - a +1 morningstar of holy wrath
 t - a +1 dagger of freezing
 A - a +2 dagger of venom
Armour
 x - an orb of guile
 y - the +1 robe "Hero's Friend" (melded) {Int+5}
   (You found it on level 4 of the Dungeon)

   Int:       It affects your intelligence (+5).
 z - a +1 cloak of willpower (melded)
 C - +0 shadow dragon scales
Magical Staves
 v - a staff of fire
Jewellery
 o - a +6 ring of intelligence (left front leg)
 u - a +4 ring of evasion (right front leg)
Wands
 D - a wand of flame (10)
Scrolls
 e - 6 scrolls of teleportation
 h - a scroll of vulnerability
 k - 2 scrolls of poison
 s - 2 scrolls of blinking
Potions
 b - 2 potions of might
 c - a potion of ambrosia {unknown}
 d - a potion of haste {unknown}
 f - 4 potions of attraction
 i - 2 potions of mutation {unknown}
 j - 4 potions of berserk rage
 l - 2 potions of magic
 m - 5 potions of brilliance
 n - a potion of invisibility {unknown}
 p - a potion of heal wounds {unknown}
 r - a potion of degeneration
 E - a potion of experience {unknown}


   Skills:
 + Level 2.4 Fighting
 + Level 1.1 Short Blades
 + Level 0.1 Staves
 + Level 0.1 Armour
 + Level 4.1 Dodging
 + Level 3.9 Stealth
 + Level 10.8 Spellcasting


You had 9 spell levels left.
You knew the following spells:

 Your Spells              Type           Power      Damage    Failure   Level
a - Freeze                Ice            100%       1d11      1%          1
b - Frozen Ramparts       Ice            100%       1d16      2%          3
c - Ozocubu's Armour      Ice            60%        N/A       2%          3
d - Hailstorm             Conj/Ice       60%        3d13      3%          4
e - Sandblast             Erth           100%       2d20      1%          1
f - Static Discharge      Conj/Air       60%        3-11/arc  1%          2
g - Spider Form           Tmut/Pois      60%        N/A       2%          3
h - Animate Dead          Necr           60%        N/A       3%          4
Your spell library was empty.

Dungeon Overview and Level Annotations

Branches:
Dungeon (8/15)             Temple (1/1) D:7
   Lair: D:8-11

Altars:
Cheibriados
Dithmenos
Elyvilon
Fedhas
Gozag
Hepliaklqana
Okawaru
Qazlal
Uskayaw
Wu Jian
Zin
The Shining One


Innate Abilities, Weirdness & Mutations

You are a venomous arachnid creature.
You have poisonous fangs.
You are tiny and dextrous.
You are flying.
Your spellcasting is less reliable in this form.
Your armour is entirely melded.
You are incapable of wielding weapons or throwing items.
You are immune to sickness and miasma.
You are immune to poison.
((Your flesh is very heat resistant. (rF++)))
((You are vulnerable to cold. (rC-)))
You float through the air rather than walking.
You learn spells naturally, not from books.
Your magical power is your life essence.
You have superior vitality. (+4 MHP)


Message History

The centaur warrior is lightly wounded.
The centaur warrior unwields a +0 shortbow.
The centaur warrior wields a +4 antimagic quarterstaff.
The centaur warrior completely misses you.
The centaur warrior kicks you.
Your ice beast zombie barely misses the centaur warrior.
You hit the centaur warrior but do no damage.
The centaur warrior is poisoned.
The centaur warrior is lightly wounded.
The centaur warrior completely misses you.
The centaur warrior kicks you.
Your ice beast zombie closely misses the centaur warrior.
You hit the centaur warrior but do no damage.
The centaur warrior looks even sicker.
The centaur warrior is lightly wounded.
The centaur warrior hits you with a +4 antimagic quarterstaff!!
* * * LOW HITPOINT WARNING * * *
The centaur warrior misses you. x2
The centaur warrior completely misses you.
The centaur warrior unwields a +4 antimagic quarterstaff.
The centaur warrior wields a +0 shortbow.
The centaur warrior shoots an arrow.
The arrow completely misses you.
Your ice beast zombie barely misses the centaur warrior.
The centaur warrior shoots an arrow.
The arrow hits you!
* * * LOW HITPOINT WARNING * * *
Your ice beast zombie hits the centaur warrior but does no damage.
Casting: Spider Form (safe; 1% risk of failure)
Confirm with . or Enter, or press ? or * to list all spells.
A film of ice covers your body!
* * * LOW HITPOINT WARNING * * *
The centaur warrior shoots an arrow.
The arrow closely misses you.
Okay, then.
Casting: Ozocubu's Armour (safe; 1% risk of failure)
Confirm with . or Enter, or press ? or * to list all spells.
You don't have enough health to cast this spell.
It was a potion of degeneration.
There was something very wrong with that liquid.
You feel weakened.
You feel dopey.
You feel clumsy.
The centaur warrior shoots an arrow.
The arrow hits you!
You die...

###....###.....# #######
..###....###.#.# ....###....#.#(#
##.......Z..(((# #############(#
####### #.# ##.##.....### #.....#
#.# #...>.......#####.###.#
##.###..##............)..#.######
#..[.......#.###s#####.#.#.##....
#.####..####.# #.# #.....##.###
...###..####.###c#####...........
.⌠.#............Z......#.####.###
...#######...............# #.#
#Z## #...⌠...####.#..####.### #.#
#.......# #.#......Z... #Z##
#####.......# ##.#.#.##.####
...###...#.#####.###.#.###.#.##


You could see a centaur warrior (very poisoned, ally target) and a friendly ice
beast zombie.

Vanquished Creatures
  An ugly thing (D:8)
  A tengu conjurer (D:8)
  2 trolls (D:8)
  Prince Ribbit (D:6)
  2 vampire mosquitoes (D:8)
  2 water moccasins (D:8)
  An ice beast (D:8)
  An orc warrior (D:7)
  2 black bears
  3 sky beasts
  A centaur (D:6)
  A phantom (D:5)
  2 kobold brigands (D:8)
  4 bullfrogs
  2 necrophages
  3 scorpions
  A howler monkey (D:4)
  2 jellies
  2 hounds
  3 orc priests (D:7)
  Crazy Yiuf (D:6)
  5 iguanas
  5 orc wizards
  A sky beast zombie (D:7)
  A gnoll (D:1)
  13 adders
  2 shadow imps
  A white imp (D:6)
  2 worms (D:4)
  4 dart slugs
  17 orcs
  7 endoplasms
  5 giant cockroaches
  6 goblins
  10 hobgoblins
  9 kobolds
  4 quokkas
  10 ball pythons
  5 bats
  4 frilled lizards
  4 rats
153 creatures vanquished.

Vanquished Creatures (collateral kills)
  A wraith (D:8)
  A scorpion (D:7)
  4 orcs (D:8)
  A kobold (D:8)
7 creatures vanquished.

Vanquished Creatures (others)
  A vampire mosquito zombie (D:8)
  A troll zombie (D:8)
  A tengu zombie (D:8)
  6 kobold zombies (D:8)
  An orc zombie (D:7)
  4 fungi (D:6)
14 creatures vanquished.

Grand Total: 174 creatures vanquished

Notes
Turn   | Place    | Note
-------+----------+-------------------------------------------
     0 | D:1      | javelincjr the Djinni Ice Elementalist began the quest for
                  | the Orb.
     0 | D:1      | javelincjr set off with the following spells memorised:
                  | Freeze, Frozen Ramparts, Ozocubu's Armour, Hailstorm.
     0 | D:1      | Reached XP level 1. HP: 15/15 MP: 0/0
   411 | D:1      | Reached XP level 2. HP: 11/21 MP: 0/0
  1273 | D:1      | Reached XP level 3. HP: 20/25 MP: 0/0
  1273 | D:1      | Learned a level 1 spell: Sandblast
  1450 | D:1      | Reached skill level 4 in Spellcasting
  1844 | D:2      | Reached XP level 4. HP: 21/31 MP: 0/0
  2916 | D:3      | Reached XP level 5. HP: 32/35 MP: 0/0
  2916 | D:3      | Learned a level 2 spell: Static Discharge
  2990 | D:3      | Found a blossoming altar of Fedhas.
  4092 | D:4      | Noticed a bullfrog
  4104 | D:4      | Killed a bullfrog
  4105 | D:4      | Reached skill level 5 in Spellcasting
  4105 | D:4      | Reached XP level 6. HP: 24/41 MP: 0/0
  4253 | D:4      | Reached skill level 1 in Fighting
  4253 | D:4      | Reached XP level 7. HP: 34/47 MP: 0/0
  4253 | D:4      | Learned a level 3 spell: Spider Form
  4574 | D:4      | Identified the +1 robe "Hero's Friend" {Int+5}
  4740 | D:4      | Reached skill level 6 in Spellcasting
  5122 | D:4      | Identified the +0 helmet "Pilituy" {Harm}
  5360 | D:5      | Entered Level 5 of the Dungeon
  5403 | D:5      | Found an opulent altar of Gozag.
  5601 | D:5      | Reached XP level 8. HP: 50/52 MP: 0/0
  5700 | D:5      | Found a hide-covered altar of Uskayaw.
  6490 | D:6      | Reached skill level 7 in Spellcasting
  6646 | D:6      | Noticed Prince Ribbit
  6653 | D:6      | Killed Prince Ribbit
  6675 | D:6      | Reached skill level 8 in Spellcasting
  6684 | D:6      | Reached XP level 9. HP: 6/57 MP: 0/0
  6684 | D:6      | Learned a level 4 spell: Animate Dead
  7398 | D:6      | Found a runed translucent door.
  7399 | D:6      | Noticed Crazy Yiuf
  7419 | D:6      | Killed Crazy Yiuf
  7637 | D:7      | Found a staircase to the Ecumenical Temple.
  7671 | D:7      | Reached skill level 1 in Short Blades
  7790 | D:7      | Reached skill level 9 in Spellcasting
  8164 | Temple   | Entered the Ecumenical Temple
  8231 | Temple   | Became a worshipper of Qazlal Stormbringer
  8593 | D:8      | Noticed a troll
  8596 | D:8      | Killed a troll
  8685 | D:8      | Noticed a troll
  8691 | D:8      | Killed a troll
  8692 | D:8      | Reached XP level 10. HP: 50/65 MP: 0/0
  8704 | D:8      | Reached skill level 10 in Spellcasting
  8769 | D:8      | Identified the +7 quarterstaff of a bazaar {elec, rN+
                  | Stlth+}
  8970 | D:8      | Found a white marble altar of Elyvilon.
  9126 | D:8      | Noticed a centaur warrior
  9685 | D:8      | Noticed a purple ugly thing
  9695 | D:8      | Killed a purple ugly thing
 10269 | D:8      | Shot with an arrow by a centaur warrior

Illustrated notes

Levels and vault maps discovered:
D:1:      evilmike_arrival_rings, layout_basic
D:2:      layout_loops_cross
D:3:      layout_loops_ring, nicolae_overflow_crystal_walls
D:4:      minmay_octagon_keep, layout_basic
D:5:      cheibrodos_iron_armory, layout_basic,
          nicolae_uskayaw_murder_on_the_dancefloor,
          nicolae_gozag_cash_rules_everything_around_me
D:6:      layout_rooms, uniq_prince_ribbit1, uniq_crazy_yiuf_cottage
D:7:      layout_cave_pools, minmay_temple_entry_drinking_statues,
          minmay_circle_x
D:8:      minmay_tri_box, layout_loops_ring, elyvilon_altar_1, enter_bailey_6,
          st_stairs_2, dreamdust_wishing_well, chequers_serial_rivers_micro_a,
          minmay_misc_feat_rugged, kennysheep_just_a_vault
Temple:   nicolae_temple_ecumenical_triangle

Skill      XL: |  1  2  3  4  5  6  7  8  9 10 |
---------------+-------------------------------+-----
Spellcasting   | 4 5 6 8 9 10 | 10.8
Stealth        | 2 3 |  3.9
Fighting       | 1 2 |  2.4
Dodging        | 3 4 |  4.1
Short Blades   | 1 |  1.1
Staves         | |  0.1
Armour         | |  0.1

Action                   |  1- 3 |  4- 6 |  7- 9 | 10-12 || total
-------------------------+-------+-------+-------+-------++-------
Melee: Unarmed           |     2 |       |       |     3 ||     5
       Dagger            |    24 |    16 |    15 |     8 ||    63
       Quarterstaff      |       |       |       |     2 ||     2
 Cast: Freeze            |    44 |    51 |     8 |     2 ||   105
       Hailstorm         |       |     2 |     3 |       ||     5
       Sandblast         |       |    14 |   108 |    12 ||   134
       Frozen Ramparts   |       |       |    10 |     3 ||    13
       Animate Dead      |       |       |     4 |     1 ||     5
       Ozocubu's Armour  |       |       |     3 |     1 ||     4
       Spider Form       |       |       |       |     1 ||     1
  Use: Scroll            |       |       |    14 |     1 ||    15
       Potion            |       |       |       |     1 ||     1
 Stab: Sleeping          |     1 |       |       |       ||     1
Armor: Robe              |    12 |    12 |     6 |     7 ||    37
Dodge: Dodged            |    39 |    31 |    33 |    26 ||   129
